 Dungeon Crawl Stone Soup version 0.31.0-1-g2c135a0 (webtiles) character file.

Game seed: 8380652308010722285

167 okoreano the Ruffian (level 5, -7/36 HPs)
             Began as an Octopode Shapeshifter on Apr 10, 2024.
             Mangled by Sigmund
             ... wielding a +0 scythe
              (10 damage)
             ... on level 3 of the Dungeon.
             The game lasted 00:04:31 (2232 turns).

okoreano the Ruffian (Octopode Shapeshifter)        Turns: 2232, Time: 00:04:32

Health: -7/36      AC:  1    Str: 15    XL:     5   Next: 48%
Magic:  5/5        EV: 13    Int: 13    God:
Gold:   79         SH:  0    Dex: 11    Spells: 4/4 levels left

rFire   . .          .
                       - Unarmed
rCold   . . .        (no shield)
rNeg    . . .        (helmet currently unavailable)
rPois   .            (no amulet)
rElec   .            (no ring)
rCorr   .            (no ring)
SInv    .            (no ring)
Will    .....        (no ring)
Stlth   ++           (no ring)
HPRegen 0.26/turn    (no ring)
MPRegen 0.09/turn    (no ring)
                     (no ring)

%: no passive effects
@: mighty, beast-form, hasted, very quick
A: beast (slay +1), almost no armour, amphibious, 8 rings, camouflage 1,
gelatinous body 1, (nimble swimmer 1), tentacles
a: Begin Untransformation


You were on level 3 of the Dungeon.
You were a hulking beast.
You visited 1 branch of the dungeon, and saw 3 of its levels.

You collected 79 gold pieces.

Inventory:

Talismans
 b - a beast talisman
 c - a flux talisman
Scrolls
 e - 3 scrolls of teleportation
 g - a scroll of silence
 h - a scroll of vulnerability
Potions
 a - a potion of lignification
 j - a potion of degeneration


   Skills:
 * Level 3.6 Fighting
 + Level 3.2 Dodging
 - Level 1.0 Stealth
 + Level 3.9 Unarmed Combat
 - Level 3.0 Shapeshifting


You had 4 spell levels left.
You didn't know any spells.
Your spell library contained the following spells:

 Spells                   Type           Power      Damage    Failure   Level
 Blink                    Tloc           0%         N/A       43%         2
 Lesser Beckoning         Tloc           0%         N/A       43%         2
 Momentum Strike          Conj/Tloc      0%         3d8       43%         2


Dungeon Overview and Level Annotations

Branches:
Dungeon (3/15)

Altars:
Makhleb
Xom

Annotations:
D:3 Sigmund


Innate Abilities, Weirdness & Mutations

You are a hulking beast.
Your limbs bulge with bestial killing power. (Slay +1)
You cannot wear most types of armour.
You are amphibious.
You can wear up to eight rings at the same time.
Your skin changes colour to match your surroundings (Stealth+).
Your rubbery body absorbs attacks. (AC +1, EV +1)
((You are camouflaged when in or above water. (Stealth+)))
You have tentacles for arms and can constrict up to eight enemies at once.


Message History

The hobgoblin hits you.
You tentacle-slap the hobgoblin.
You kill the hobgoblin!
You start resting.
HP restored.
Found a dagger.
Found a stone staircase leading up.
Sigmund shouts!
Sigmund casts a spell at you. The puff of flame hits you.
Sigmund gestures wildly while chanting.
Sigmund flickers and vanishes!
Deactivating autopickup; reactivate with Ctrl-A.
A magic dart appears from out of thin air!
The magic dart hits you!
There is a stone staircase leading up here.
You climb upwards.
Reactivating autopickup.
There is a stone staircase leading down here.
You start resting.
HP restored.
You climb downwards.
Level annotation: Sigmund
There is a stone staircase leading up here.
You feel very mighty all of a sudden.
Sigmund casts a spell.
Sigmund flickers and vanishes!
Deactivating autopickup; reactivate with Ctrl-A.
You hear some strange, mumbled words.
You are confused.
You bump into the rock wall.
Something hits you.
You're too confused to move!
Something hits you!
You feel better.
You miss something. Something hits you.
You barely miss something. Your squeeze misses something. Something hits you!
You bludgeon something! Your squeeze misses something.
You tentacle-slap something. Something hits you.
You bludgeon something! Something hits you!
* * * LOW HITPOINT WARNING * * *
You closely miss something.
You feel yourself speed up. Something hits you!
You die...

....##..#####......#
........#[()#......####
...###..#[!?#.........#
.....#..#??)#.........##.
.....#..#####...........
.....#................#
.....................###
.......................#
.........#######h.).##.#
.........#.......{.....#
.............#....#..###
...####......#....#....#
....###......#.#....##.#
.....##.............##.#.#
.........................#
...........#...........###
...........#..........##


There were no monsters in sight!

Vanquished Creatures
  A phantom (D:2)
  Jessica (D:2)
  2 adders
  A dart slug (D:1)
  A ribbon worm (D:2)
  A bat (D:1)
  4 endoplasms
  A giant cockroach (D:1)
  3 goblins
  9 hobgoblins
  5 jackals
  6 ball pythons
  3 frilled lizards
  3 rats
41 creatures vanquished.

Notes
Turn   | Place    | Note
-------+----------+-------------------------------------------
     0 | D:1      | okoreano the Octopode Shapeshifter began the quest for the
                  | Orb.
     0 | D:1      | Reached XP level 1. HP: 13/13 MP: 1/1
   174 | D:1      | Reached XP level 2. HP: 15/18 MP: 2/2
   421 | D:1      | Reached skill level 1 in Stealth
   981 | D:2      | Noticed a phantom
   999 | D:2      | Killed a phantom
  1000 | D:2      | Reached XP level 3. HP: 2/26 MP: 3/3
  1000 | D:2      | Reached XP level 4. HP: 3/31 MP: 4/4
  1468 | D:2      | Reached XP level 5. HP: 36/36 MP: 5/5
  1551 | D:2      | Found a burning altar of Makhleb.
  1572 | D:2      | Noticed Jessica
  1578 | D:2      | Killed Jessica
  1955 | D:3      | Identified the +0 long sword of Turmoil {heavy, ^Fragile
                  | rF++ Dex+6}
  2083 | D:3      | Found a shimmering altar of Xom.
  2132 | D:3      | Noticed Sigmund
  2232 | D:3      | Mangled by Sigmund

Illustrated notes

Levels and vault maps discovered:
D:1:      saegor_arrival_simple_b, layout_basic, patterned_corridor
D:2:      layout_loops_cross, basic_altar, serial_park_tiny_pond, uniq_jessica
D:3:      layout_basic, mainiacjoe_overflow_surrounded_room,
          due_unseen_surprise, uniq_sigmund

Skill      XL: |  1  2  3  4  5 |
---------------+----------------+-----
Stealth        | 1 |  1.0
Fighting       | 3 |  3.6
Dodging        | 3 |  3.2
Unarmed Combat | |  3.9
Shapeshifting  | |  3.0

Action                     |  1- 3 |  4- 6 || total
---------------------------+-------+-------++-------
  Melee: Unarmed           |    36 |    56 ||    92
         Constrict         |     8 |    12 ||    20
         Tentacles         |     6 |    11 ||    17
         Punch             |       |     1 ||     1
    Use: Scroll            |     4 |     7 ||    11
         Potion            |       |     3 ||     3
   Stab: Sleeping          |     4 |     5 ||     9
 Armour: Skin              |    12 |    34 ||    46
  Dodge: Dodged            |    15 |    26 ||    41
